 Dungeon Crawl Stone Soup version 0.23.2-40-g277498a001 (webtiles) character file.

Game seed: 3388410637947670521

22 eoipjurhbg the Sneak (level 2, -4/11 HPs)
             Began as a Felid Enchanter on Aug 19, 2019.
             Slain by an adder (5 damage)
             ... on level 2 of the Dungeon.
             The game lasted 00:05:19 (3040 turns).

eoipjurhbg the Sneak (Felid Enchanter)              Turns: 3040, Time: 00:05:20

Health: -4/11      AC:  1    Str:  4    XL:     2   Next: 68%
Magic:  6/6        EV: 16    Int: 22    God:
Gold:   24         SH:  0    Dex: 16    Spells: 4/5 levels left
                                        Lives:  0   Deaths: 0

rFire    . . .     SeeInvis +   (weapon unavailable)
rCold    . . .     Gourm    .   (shield unavailable)
rNeg     . . .     Faith    .   (armour unavailable)
rPois    .         Spirit   .   (helmet unavailable)
rElec    .         Reflect  .   (cloak unavailable)
rCorr    .         Harm     .   (gloves unavailable)
MR       .....                  (boots unavailable)
Stlth    +++.......             (no amulet)
HPRegen  0.03/turn              a - ring of see invisible
MPRegen  0.10/turn              d - +6 ring of intelligence

@: lethally poisoned (-4 -> -19), heavily drained, quick
A: very small, no armour, no weapons or thrown items, stealth, claws 1, fangs 3,
see invisible, carnivore, speed 1, shaggy fur 1, slow metabolism 1, sharp paws
a: no special abilities


You were on level 2 of the Dungeon.
You were full.

You visited 1 branch of the dungeon, and saw 2 of its levels.

You collected 24 gold pieces.

Inventory:

Jewellery
 a - a ring of see invisible (left paw)
 d - a +6 ring of intelligence (right paw)
 h - an uncursed amulet of harm
Scrolls
 e - a scroll of remove curse {unknown}
 f - a scroll of noise {unknown}
Potions
 c - 3 potions of flight {unknown}
 g - a potion of lignification {unknown}
Comestibles
 b - 3 rations


   Skills:
 + Level 2.8(1.2) Dodging
 + Level 4.8(3.1) Stealth
 - Level 1.4(0.0) Unarmed Combat
 - Level 2.1(0.5) Spellcasting
 - Level 4.6(2.9) Hexes


You had 4 spell levels left.
You knew the following spells:

 Your Spells              Type           Power        Failure   Level  Hunger
a - Corona                Hex            ##.....      4%          1    ##.....

Your spell library contained the following spells:

 Spells                   Type           Power        Failure   Level  Hunger
 Ensorcelled Hibernation  Hex/Ice        #.....       13%         2    ###....
 Confuse                  Hex            ##......     14%         3    ####...
 Tukima's Dance           Hex            ##......     14%         3    ####...
 Dazzling Spray           Conj/Hex       #.....       26%         3    ####...


Dungeon Overview and Level Annotations

Branches:
Dungeon (2/15)

Altars:


Innate Abilities, Weirdness & Mutations

You cannot wear armour.
You are incapable of wielding weapons or throwing items.
Your paws allow you to move quietly. (Stealth)
You have sharp claws.
You have razor-sharp teeth.
You have supernaturally acute eyesight. (SInv)
You are carnivorous and can eat meat at any time.
You cover ground quickly.
You are covered in fur. (AC +1)
You have a slow metabolism.
Your sharp claws are effective at attacking unaware monsters.


Message History

You closely miss the adder. Your bite misses the adder.
The adder is lightly wounded.
The adder stops glowing.
The adder bites you.
You are poisoned.
The adder poisons you!
You scratch the adder but do no damage. Your bite misses the adder.
The adder is lightly wounded.
You feel sick. The adder bites you.
You are lethally poisoned!
The adder poisons you!
You barely miss the adder.
The adder is lightly wounded.
You feel sick. The adder bites you.
* * * LOW HITPOINT WARNING * * *
You are too injured to fight recklessly!
You are too injured to fight recklessly!
* * * LOW HITPOINT WARNING * * *
You feel sick. The adder bites you.
You die...

######.#.#
......#.#
#.#..#.# ..
....#.# ... #
#..#.#####...
#.#..#.........
#...<..........
###..#.......##
.......@.....#
#.###..##S.....#
.?..>......##..
....)....#.# #
######...#.#
.....#.. ###...#
.# #...# #...#


You could see an adder.

Vanquished Creatures
  2 dart slugs (D:1)
  A giant cockroach (D:1)
  3 goblins (D:1)
  4 hobgoblins (D:1)
  3 bats (D:1)
  A frilled lizard (D:1)
  3 kobolds (D:1)
  A rat (D:1)
18 creatures vanquished.

Vanquished Creatures (others)
  An ooze (D:1)
1 creature vanquished.

Grand Total: 19 creatures vanquished

Notes
Turn   | Place    | Note
-------+----------+-------------------------------------------
     0 | D:1      | eoipjurhbg the Felid Enchanter began the quest for the Orb.
     0 | D:1      | Reached XP level 1. HP: 7/7 MP: 4/4
   502 | D:1      | Reached XP level 2. HP: 11/11 MP: 6/6
  3040 | D:2      | Slain by an adder

Action                   || total
-------------------------++-------
Melee: Unarmed           ||    52
       Bite              ||     5
 Cast: Corona            ||     8
 Stab: Sleeping          ||     7
  Eat: Chunk             ||     7
Armor: Skin              ||     2
Dodge: Dodged            ||    49
